 Dungeon Crawl Stone Soup version 0.29.0-15-g675c0067aa (webtiles) character file.

Game seed: 18411874523678051409

59810 qw the Severer (level 14, 0/135 HPs)
             Began as a Minotaur Berserker on Sept 12, 2022.
             Was an Elder of Trog.
             Slain by an ettin
             ... wielding a +0 dire flail
              (25 damage)
             ... on level 13 of the Dungeon.
             The game lasted 00:06:55 (21464 turns).

qw the Severer (Minotaur Berserker)                Turns: 21464, Time: 00:06:56

Health: 0/135      AC: 28    Str: 31    XL:     14   Next: 54%
Magic:  13/13      EV:  9    Int:  3    God:    Trog [****..]
Gold:   1592       SH: 17    Dex:  9    Spells: 13/13 levels left

rFire   . . .      SeeInvis +   Y - +1 war axe (elec)
rCold   . . .      Faith    .   b - +0 kite shield
rNeg    . . .      Spirit   .   o - +0 plate armour
rPois   .          Reflect  +   (helmet restricted)
rElec   .          Harm     .   u - +1 cloak
rCorr   .          Rampage  .   d - +2 pair of gloves
Will    +....                   e - +0 pair of boots
Stlth   ..........              f - amulet of reflection
HPRegen 0.32/turn               l - ring of see invisible
MPRegen 0.13/turn               g - +4 ring of protection

@: about to teleport, on berserk cooldown, slowed, very slow
A: horns 2, retaliatory headbutt, fangs 1, hooves 1, strong 1
a: Renounce Religion, Berserk, Trog's Hand, Brothers in Arms


You were on level 13 of the Dungeon.
You worshipped Trog.
Trog was greatly pleased with you.
You visited 2 branches of the dungeon, and saw 18 of its levels.

You collected 1640 gold pieces.
You spent 48 gold pieces at shops.


Innate Abilities, Weirdness & Mutations

You have a pair of horns on your head.
You reflexively headbutt those who attack you in melee.
You have very sharp teeth.
You have large cloven feet.
Your muscles are strong. (Str +4, Int/Dex -1)


   Skills:
 - Level 15.1 Fighting
 - Level 16.0 Axes
 - Level 7.0 Throwing
 - Level 14.0 Armour
 - Level 5.0 Dodging
 + Level 14.6 Shields


You had 13 spell levels left.
You didn't know any spells.
Your spell library was empty.

Inventory:

Hand Weapons
 i - a +2 hand axe of flaming
 Y - a +1 war axe of electrocution (weapon)
Missiles
 j - 11 boomerangs
 v - 2 javelins (quivered)
Armour
 b - a +0 kite shield (worn)
 d - a +2 pair of gloves (worn)
 e - a +0 pair of boots (worn)
 o - a +0 plate armour (worn)
 u - a +1 cloak (worn)
Jewellery
 c - a ring of protection from cold
 f - an amulet of reflection (around neck)
 g - a +4 ring of protection (right hand)
 l - a ring of see invisible (left hand)
 p - a ring of willpower
 t - a ring of fire
Scrolls
 k - 3 scrolls of teleportation
 n - 15 scrolls of identify
 q - 2 scrolls of summoning {unknown}
Potions
 a - 2 potions of haste
 h - 8 potions of curing
 r - 2 potions of resistance
 s - 8 potions of mutation

Dungeon Overview and Level Annotations

Branches:
Dungeon (13/15)            Temple (0/1) D:5            Lair (5/5) D:11
 Shoals (0/4) Lair:3       Spider (0/4) Lair:3        Slime (0/5) Lair:5
    Orc (0/2) D:9
 Vaults: D:13-14

Altars:
Cheibriados
Elyvilon
Fedhas
Gozag
Nemelex Xobeh
Ru
Trog
Vehumet
Wu Jian
Yredelemnul
Jiyva

Shops:
D:3 (   D:7 :(

Portals:
Trove: D:11 (give +5 demon trident)

Annotations:
D:11 Gastronok
Lair:5 1 runed translucent door


Message History

The ettin hits you with a +0 great mace!!
The ettin hits you but does no damage.
The ettin hits you with a +0 great mace!
The ettin hits you but does no damage. x2
The ettin hits you with a +0 dire flail!
The ettin hits you with a +0 great mace.
The ettin hits you with a +0 dire flail!!
The ettin hits you with a +0 great mace!
You turn to flesh and can move again.
You hit the ettin but do no damage. You bite the ettin, but do no damage.
The ettin is heavily wounded.
The ettin hits you with a +0 dire flail.
You block the ettin's attack.
21459 ||| READING 5 scrolls of teleportation.
As you read the scroll of teleportation, it crumbles to dust.
You feel strangely unstable. You block the ettin's attack. x2
The ettin hits you with a +0 dire flail.
The ettin hits you with a +0 great mace!
21460 ||| DRINKING potion of heal wounds.
You feel much better.
The ettin hits you with a +0 dire flail.
The ettin hits you with a +0 great mace!
You completely miss the ettin.
You headbutt the ettin, but do no damage.
The ettin is moderately wounded.
Your surroundings seem slightly different.
Throw: 4 javelins
Press: ? - help, Q - select action, (/) - cycle Shift-Dir - straight line, f - ettin You throw a javelin.
The javelin pierces through the ettin!
The ettin is severely wounded.
Throw: 3 javelins
Press: ? - help, Q - select action, (/) - cycle Shift-Dir - straight line, f/p - ettin You throw a javelin.
The javelin pierces through the ettin.
The ettin is severely wounded.
21464 ||| READING 4 scrolls of teleportation.
As you read the scroll of teleportation, it crumbles to dust.
You feel strangely unstable.
The ettin hits you with a +0 dire flail!!
You die...

...#)......# #..#.....###
...#...### ...#'####
...#....# ##### :...
...#....### #...# ##....
...#.....|# ##...## !.....
...#:.....####.....####.....|
...###.....)##..@C.##:[....#
.....#......#.......#...../#
...<.###....#%.)...(#....#
.......#....'.......)(..?#
.......#########+#########
.............. ............#
....^..<...# ...........#


You could see an ettin.

Vanquished Creatures
  Kirke (D:12)
  A dire elephant (Lair:5)
  Josephine (Lair:5)
  3 hydras
  3 catoblepae
  3 boulder beetles
  Erica (D:9)
  An anaconda (Lair:5)
  3 two-headed ogres
  11 death yaks
  2 tengu warriors (D:13)
  A deep troll shaman (Lair:5)
  Sonja (D:12)
  A flayed ghost (D:13)
  3 deep elf pyromancers
  An oklob plant (Lair:2)
  An ugly thing (D:13)
  3 cyclopes
  7 elephants
  6 black mambas
  11 cane toads
  3 rime drakes
  A torpor snail (Lair:3)
  7 komodo dragons
  2 gargoyles
  3 kobold demonologists
  4 trolls
  A queen bee (Lair:2)
  6 polar bears
  A meliai (D:13)
  20 dream sheep
  A slime creature (D:13)
  5 blink frogs
  3 shadows
  3 jumping spiders (Lair:3)
  2 wraiths (Lair:5)
  2 wyverns
  32 yaks
  5 basilisks
  6 hogs (D:12)
  A steam dragon (D:9)
  A redback (Lair:3)
  A vampire mosquito (D:13)
  11 water moccasins
  An ice beast (D:7)
  6 orc warriors
  A black bear (D:7)
  2 sky beasts
  10 wolves
  4 centaurs
  A phantom (D:5)
  7 kobold brigands
  A necrophage (D:6)
  7 bullfrogs
  A gnoll sergeant (D:6)
  2 scorpions (D:5)
  22 killer bees
  7 howler monkeys
  An electric eel (Lair:4)
  6 hounds
  2 jellies
  A gnoll bouda (D:8)
  8 orc priests
  Jessica (D:3)
  An iguana (D:5)
  16 orc wizards
  Ijyb (D:3)
  7 hell rats (Lair:3)
  8 gnolls
  11 adders
  A shadow imp (D:6)
  2 white imps (D:6)
  An ufetubus (D:4)
  2 worms
  2 dart slugs
  29 orcs
  An endoplasm (D:2)
  5 giant cockroaches
  6 goblins
  6 hobgoblins
  18 jackals
  17 kobolds
  3 quokkas
  6 ball pythons
  2 bats
  5 frilled lizards
  9 rats
436 creatures vanquished.

Vanquished Creatures (collateral kills)
  2 hydras
  An elephant (Lair:5)
  An eye of devastation (shapeshifter) (D:13)
  A black mamba (Lair:3)
  A torpor snail (Lair:5)
  A cane toad (Lair:5)
  A dream sheep (Lair:5)
  2 wraiths (Lair:5)
  A water moccasin (Lair:3)
  A wolf (Lair:3)
  A bullfrog (Lair:3)
13 creatures vanquished.

Vanquished Creatures (others)
  20 fungi
  46 plants
66 creatures vanquished.

Grand Total: 515 creatures vanquished

Notes
Turn   | Place    | Note
-------+----------+-------------------------------------------
     0 | D:1      | qw the Minotaur Berserker began the quest for the Orb.
     0 | D:1      | Reached XP level 1. HP: 19/19 MP: 0/0
     0 | D:1      | 0 ||| qw: Version: 0.1-a-119-g272c26d
     0 | D:1      | 0 ||| qw: Game counter: 10847
     0 | D:1      | 0 ||| qw: Always use a shield: true
     0 | D:1      | 0 ||| qw: Do Orc after D:15 true
     0 | D:1      | 0 ||| qw: Do second Lair branch before Depths: true
     0 | D:1      | 0 ||| qw: Lair rune preference: random
     0 | D:1      | 0 ||| qw: Plans: Normal
     0 | D:1      | 0 ||| PLANNING D:1-11
   213 | D:1      | 213 ||| Stepping ~*~*~tactically~*~*~ (stealth).
   215 | D:1      | 215 ||| Stepping ~*~*~tactically~*~*~ (stealth).
   225 | D:1      | Reached skill level 4 in Axes
   232 | D:1      | Reached XP level 2. HP: 16/26 MP: 1/1
   705 | D:1      | Reached skill level 5 in Axes
   785 | D:1      | Reached XP level 3. HP: 31/31 MP: 2/2
   923 | D:1      | 923 ||| UPGRADING to +0 leather armour.
   933 | D:1      | 933 ||| DROPPING +0 animal skin.
   934 | D:1      | 934 ||| UPGRADING to +0 pair of boots.
   939 | D:1      | 939 ||| UPGRADING to +0 ring mail.
   949 | D:1      | 949 ||| DROPPING +0 leather armour.
   950 | D:1      | 950 ||| UPGRADING to +0 plate armour.
   960 | D:1      | 960 ||| DROPPING +0 ring mail.
   961 | D:1      | 961 ||| READING scroll labelled RAIGHI ANEUSHRI.
   962 | D:1      | 962 ||| READING 2 scrolls labelled UHAGHOTROCHUA.
   966 | D:1      | 966 ||| READING scroll labelled LUOFEOWNUT.
  1067 | D:1      | 1067 ||| READING 3 scrolls labelled RISEQU XYTUASA.
  1068 | D:1      | 1068 ||| DROPPING 2 scrolls of vulnerability.
  1087 | D:2      | 1087 ||| STAIRDANCE
  1119 | D:2      | 1119 ||| STAIRDANCE
  1153 | D:2      | Reached ** piety under Trog
  1154 | D:2      | 1154 ||| Stepping ~*~*~tactically~*~*~ (stealth).
  1208 | D:2      | 1208 ||| INVOKING Berserk.
  1393 | D:2      | 1393 ||| Stepping ~*~*~tactically~*~*~ (stealth).
  1397 | D:2      | 1397 ||| Stepping ~*~*~tactically~*~*~ (stealth).
  1413 | D:2      | 1413 ||| Stepping ~*~*~tactically~*~*~ (stealth).
  1414 | D:2      | 1414 ||| Stepping ~*~*~tactically~*~*~ (stealth).
  1424 | D:2      | Reached skill level 6 in Axes
  1424 | D:2      | Reached XP level 4. HP: 39/39 MP: 3/3
  1821 | D:2      | 1821 ||| UPGRADING to +6 ring of intelligence.
  1822 | D:2      | 1822 ||| UPGRADING to +4 ring of protection.
  1823 | D:2      | 1823 ||| READING scroll labelled KUTECSI EKKAPPU.
  1824 | D:2      | 1824 ||| DRINKING 2 fuming dark potions.
  1965 | D:3      | Found Essase's Weapon Emporium.
  1974 | D:3      | 1974 ||| DROPPING +0 club.
  1982 | D:3      | 1982 ||| BUYING +0 morningstar (48 gold).
  1982 | D:3      | Bought a +0 morningstar for 48 gold pieces
  1982 | D:3      | 1982 ||| DROPPING +0 mace.
  1988 | D:3      | Noticed Jessica
  1994 | D:3      | Killed Jessica
  2110 | D:3      | 2110 ||| Stepping ~*~*~tactically~*~*~ (stealth).
  2119 | D:3      | 2119 ||| Stepping ~*~*~tactically~*~*~ (stealth).
  2120 | D:3      | 2120 ||| Stepping ~*~*~tactically~*~*~ (stealth).
  2217 | D:3      | 2217 ||| Stepping ~*~*~tactically~*~*~ (stealth).
  2359 | D:3      | Found a faded altar of an unknown god.
  2566 | D:3      | Noticed Ijyb
  2571 | D:3      | 2571 ||| INVOKING Berserk.
  2594 | D:3      | Killed Ijyb
  2595 | D:3      | Reached skill level 7 in Axes
  2595 | D:3      | Reached XP level 5. HP: 31/45 MP: 4/4
  2687 | D:3      | 2687 ||| DRINKING 2 brown potions.
  2868 | D:4      | Reached skill level 3 in Armour
  3426 | D:4      | 3426 ||| READING scroll labelled TAUNNE AT SEI.
  3427 | D:4      | 3427 ||| DRINKING 2 bubbling clear potions.
  3454 | D:4      | 3454 ||| DRINKING 3 fizzy silvery potions.
  3455 | D:4      | 3455 ||| DRINKING 2 grey potions.
  3456 | D:4      | 3456 ||| DRINKING 2 purple potions.
  3456 | D:4      | Gained mutation: You have very sharp teeth. [potion of
                  | mutation]
  3456 | D:4      | Gained mutation: Your muscles are strong. (Str +4, Int/Dex
                  | -1) [potion of mutation]
  3456 | D:4      | Gained mutation: You have large cloven feet. [potion of
                  | mutation]
  3457 | D:4      | 3457 ||| READING 3 scrolls of identify.
  3457 | D:4      | 3457 ||| IDENTIFYING amethyst potion
  3458 | D:4      | 3458 ||| READING 2 scrolls of identify.
  3458 | D:4      | 3458 ||| IDENTIFYING glowing sapphire potion
  3459 | D:4      | 3459 ||| DROPPING potion of magic.
  3460 | D:4      | 3460 ||| DROPPING potion of attraction.
  3461 | D:4      | 3461 ||| DROPPING potion of lignification.
  3507 | D:5      | Entered Level 5 of the Dungeon
  3513 | D:5      | 3513 ||| INVOKING Berserk.
  3658 | D:5      | Reached XP level 6. HP: 52/52 MP: 5/5
  3661 | D:5      | Found a staircase to the Ecumenical Temple.
  3733 | D:5      | Reached *** piety under Trog
  3786 | D:5      | Reached skill level 8 in Axes
  3789 | D:5      | Found an opulent altar of Gozag.
  3820 | D:5      | Noticed a water moccasin
  3827 | D:5      | Killed a water moccasin
  3914 | D:5      | Reached skill level 9 in Axes
  3961 | D:5      | Reached XP level 7. HP: 56/59 MP: 6/6
  4015 | D:5      | 4015 ||| Stepping ~*~*~tactically~*~*~ (hiding).
  4020 | D:5      | 4020 ||| INVOKING Berserk.
  4526 | D:5      | 4526 ||| READING scroll labelled CIFFIQUGODD.
  4527 | D:5      | 4527 ||| DRINKING 2 black potions.
  4528 | D:5      | 4528 ||| READING 2 scrolls of identify.
  4528 | D:5      | 4528 ||| IDENTIFYING lumpy yellow potion
  4529 | D:5      | 4529 ||| DROPPING potion of flight.
  4530 | D:5      | 4530 ||| DROPPING potion of degeneration.
  4551 | D:6      | 4551 ||| Stepping ~*~*~tactically~*~*~ (hiding).
  4608 | D:6      | Reached skill level 10 in Axes
  4641 | D:6      | 4641 ||| INVOKING Berserk.
  4643 | D:6      | Reached skill level 1 in Throwing
  4653 | D:6      | Reached XP level 8. HP: 48/69 MP: 7/7
  4655 | D:6      | Reached skill level 6 in Fighting
  4830 | D:6      | 4830 ||| Stepping ~*~*~tactically~*~*~ (hiding).
  4831 | D:6      | 4831 ||| Stepping ~*~*~tactically~*~*~ (hiding).
  4852 | D:6      | Found a radiant altar of Vehumet.
  5063 | D:6      | 5063 ||| Stepping ~*~*~tactically~*~*~ (hiding).
  5064 | D:6      | 5064 ||| Stepping ~*~*~tactically~*~*~ (hiding).
  5323 | D:6      | 5323 ||| UPGRADING to +0 kite shield.
  5328 | D:6      | 5328 ||| UPGRADING to +0 pair of gloves.
  5333 | D:6      | 5333 ||| READING 3 scrolls of identify.
  5333 | D:6      | 5333 ||| IDENTIFYING orange potion
  5334 | D:6      | 5334 ||| DROPPING potion of brilliance.
  5437 | D:7      | Found Cuahikko's Weapon Emporium.
  5442 | D:7      | 5442 ||| SHOPLISTING +2 hand axe of electrocution (312
                  | gold, have 266).
  5473 | D:7      | Reached skill level 1 in Shields
  5479 | D:7      | Reached skill level 3 in Shields
  5613 | D:7      | 5613 ||| Stepping ~*~*~tactically~*~*~ (stealth).
  5617 | D:7      | 5617 ||| INVOKING Berserk.
  5628 | D:7      | 5628 ||| DRINKING 3 potions of curing.
  5628 | D:7      | 5628 ||| (to cure confusion)
  5734 | D:7      | Found Plog's Book Shoppe.
  6025 | D:7      | 6025 ||| INVOKING Berserk.
  6184 | D:7      | Reached skill level 6 in Shields
  6188 | D:7      | Reached XP level 9. HP: 66/75 MP: 8/8
  6200 | D:7      | Reached skill level 11 in Axes
  6254 | D:7      | Found an ornate altar of the Wu Jian Council.
  6256 | D:7      | Found a sparkling altar of Nemelex Xobeh.
  6259 | D:7      | Found a white marble altar of Elyvilon.
  6263 | D:7      | Found a sacrificial altar of Ru.
  6264 | D:7      | Found a blossoming altar of Fedhas.
  6265 | D:7      | Found a snail-covered altar of Cheibriados.
  6320 | D:7      | 6320 ||| Stepping ~*~*~tactically~*~*~ (stealth).
  6324 | D:7      | 6324 ||| Stepping ~*~*~tactically~*~*~ (hiding).
  6337 | D:7      | 6337 ||| Stepping ~*~*~tactically~*~*~ (stealth).
  6358 | D:7      | 6358 ||| Stepping ~*~*~tactically~*~*~ (hiding).
  6362 | D:7      | 6362 ||| INVOKING Berserk.
  6622 | D:7      | Found a basalt altar of Yredelemnul.
  6628 | D:7      | Identified the +5 hand axe of Impatience {vorpal, Stlth+}
  6630 | D:7      | 6630 ||| SWAPPING to +5 hand axe of Impatience {vorpal,
                  | Stlth+}.
  6631 | D:7      | 6631 ||| DROPPING +0 hand axe.
  6640 | D:7      | 6640 ||| UPGRADING to ring of protection from cold.
  6642 | D:7      | 6642 ||| DROPPING +6 ring of intelligence.
  6643 | D:7      | 6643 ||| READING scroll labelled KUESAI FUXZEAR.
  6644 | D:7      | 6644 ||| READING 4 scrolls of teleportation.
  6788 | D:8      | Identified the +5 falchion of Peoph {drain, Dex+2}
  6807 | D:8      | 6807 ||| INVOKING Berserk.
  7041 | D:8      | 7041 ||| Stepping ~*~*~tactically~*~*~ (stealth).
  7042 | D:8      | 7042 ||| Stepping ~*~*~tactically~*~*~ (hiding).
  7145 | D:8      | 7145 ||| Stepping ~*~*~tactically~*~*~ (hiding).
  7152 | D:8      | 7152 ||| INVOKING Berserk.
  7256 | D:8      | Reached **** piety under Trog
  7382 | D:8      | 7382 ||| SWAPPING to +0 war axe.
  7383 | D:8      | 7383 ||| DROPPING +5 hand axe of Impatience {vorpal,
                  | Stlth+}.
  7506 | D:8      | 7506 ||| Stepping ~*~*~tactically~*~*~ (hiding).
  7593 | D:8      | 7593 ||| Stepping ~*~*~tactically~*~*~ (stealth).
  7603 | D:8      | Reached skill level 12 in Axes
  7621 | D:8      | Noticed a two-headed ogre
  7625 | D:8      | 7625 ||| INVOKING Berserk.
  7628 | D:8      | Killed a two-headed ogre
  7767 | D:8      | 7767 ||| UPGRADING to +0 cloak.
  7772 | D:8      | 7772 ||| UPGRADING to amulet of guardian spirit.
  7777 | D:8      | 7777 ||| READING scroll labelled ABIT EN WOS.
  7778 | D:8      | 7778 ||| READING 2 scrolls of identify.
  7778 | D:8      | 7778 ||| IDENTIFYING smoky red potion
  7779 | D:8      | 7779 ||| DROPPING potion of ambrosia.
  7792 | D:9      | 7792 ||| STAIRDANCE
  7803 | D:9      | Noticed a two-headed ogre
  7807 | D:9      | 7807 ||| INVOKING Berserk.
  7812 | D:9      | Killed a two-headed ogre
  7813 | D:9      | Reached skill level 6 in Armour
  7813 | D:9      | Reached XP level 10. HP: 90/90 MP: 9/9
  8008 | D:9      | 8008 ||| Stepping ~*~*~tactically~*~*~ (hiding).
  8012 | D:9      | 8012 ||| INVOKING Berserk.
  8240 | D:9      | Noticed Erica
  8249 | D:9      | 8249 ||| DRINKING 3 potions of curing.
  8249 | D:9      | 8249 ||| (to cure confusion)
  8250 | D:9      | 8250 ||| DRINKING 2 potions of curing.
  8250 | D:9      | 8250 ||| (to cure confusion)
  8251 | D:9      | 8251 ||| Stepping ~*~*~tactically~*~*~ (hiding).
  8252 | D:9      | 8252 ||| Stepping ~*~*~tactically~*~*~ (hiding).
  8265 | D:9      | 8265 ||| Stepping ~*~*~tactically~*~*~ (stealth).
  8266 | D:9      | 8266 ||| INVOKING Berserk.
  8269 | D:9      | Killed Erica
  8270 | D:9      | Reached skill level 9 in Shields
  8293 | D:9      | 8293 ||| Stepping ~*~*~tactically~*~*~ (stealth).
  8331 | D:9      | 8331 ||| Stepping ~*~*~tactically~*~*~ (stealth).
  8358 | D:9      | 8358 ||| INVOKING Berserk.
  8448 | D:9      | 8448 ||| FLEEEEING.
  8449 | D:9      | 8449 ||| FLEEEEING.
  8450 | D:9      | 8450 ||| FLEEEEING.
  8451 | D:9      | 8451 ||| FLEEEEING.
  8506 | D:9      | 8506 ||| DROPPING +0 morningstar.
  8507 | D:9      | Found a staircase to the Orcish Mines.
  8865 | D:9      | 8865 ||| READING 2 scrolls labelled OTRIPN OCAJE.
  8866 | D:9      | 8866 ||| READING scroll of enchant armour.
  8866 | D:9      | 8866 ||| ENCHANTING +0 pair of gloves.
  8894 | D:10     | Entered Level 10 of the Dungeon
  8909 | D:10     | 8909 ||| Stepping ~*~*~tactically~*~*~ (stealth).
  8931 | D:10     | Reached skill level 13 in Axes
  9002 | D:10     | Noticed a deep elf pyromancer
  9011 | D:10     | Killed a deep elf pyromancer
  9012 | D:10     | Reached skill level 3 in Throwing
  9274 | D:10     | Noticed a rust devil
  9275 | D:10     | Noticed an orange demon
  9287 | D:10     | 9287 ||| READING 4 scrolls of teleportation.
  9288 | D:10     | 9288 ||| INVOKING Berserk.
  9290 | D:10     | Reached skill level 14 in Axes
  9487 | D:10     | Found a bloodstained altar of Trog.
  9508 | D:10     | 9508 ||| Stepping ~*~*~tactically~*~*~ (hiding).
  9596 | D:10     | Noticed a gargoyle
  9606 | D:10     | Killed a gargoyle
  9607 | D:10     | Reached XP level 11. HP: 79/95 MP: 8/10
  9763 | D:10     | 9763 ||| Stepping ~*~*~tactically~*~*~ (hiding).
  9766 | D:10     | 9766 ||| INVOKING Berserk.
  9993 | D:10     | 9993 ||| READING scroll labelled USAVOE SIKK.
 10081 | D:11     | 10081 ||| READING 3 scrolls of teleportation.
 10082 | D:11     | 10082 ||| FLEEEEING.
 10083 | D:11     | 10083 ||| FLEEEEING.
 10084 | D:11     | 10084 ||| FLEEEEING.
 10085 | D:11     | 10085 ||| FLEEEEING.
 10086 | D:11     | 10086 ||| INVOKING Berserk.
 10234 | D:11     | 10234 ||| Stepping ~*~*~tactically~*~*~ (stealth).
 10236 | D:11     | 10236 ||| Stepping ~*~*~tactically~*~*~ (hiding).
 10239 | D:11     | 10239 ||| INVOKING Berserk.
 10461 | D:11     | Noticed a boulder beetle
 10462 | D:11     | 10462 ||| Stepping ~*~*~tactically~*~*~ (stealth).
 10464 | D:11     | 10464 ||| INVOKING Berserk.
 10483 | D:11     | Killed a boulder beetle
 10705 | D:11     | Noticed a death yak
 10705 | D:11     | Noticed a death yak
 10706 | D:11     | Noticed a death yak
 10707 | D:11     | Noticed a death yak
 10707 | D:11     | Noticed a death yak
 10709 | D:11     | 10709 ||| INVOKING Berserk.
 10709 | D:11     | Noticed a death yak
 10716 | D:11     | Killed a death yak
 10717 | D:11     | Reached skill level 15 in Axes
 10718 | D:11     | Killed a death yak
 10719 | D:11     | Reached skill level 9 in Fighting
 10725 | D:11     | Killed a death yak
 10725 | D:11     | Noticed Gastronok
 10727 | D:11     | Killed a death yak
 10732 | D:11     | HP: 24/97 [death yak (1)]
 10733 | D:11     | 10733 ||| READING 2 scrolls of teleportation.
 10733 | D:11     | Killed a death yak
 10734 | D:11     | Reached skill level 16 in Axes
 10734 | D:11     | 10734 ||| DRINKING 2 potions of heal wounds.
 10783 | D:11     | 10783 ||| FLEEEEING.
 10784 | D:11     | 10784 ||| FLEEEEING.
 10785 | D:11     | 10785 ||| FLEEEEING.
 10786 | D:11     | 10786 ||| FLEEEEING.
 10792 | D:11     | 10792 ||| STAIRDANCE
 10794 | D:10     | 10794 ||| INVOKING Berserk.
 11091 | D:11     | Found a portal to a secret trove of treasure.
 11140 | D:11     | 11140 ||| INVOKING Berserk.
 11146 | D:11     | Killed a death yak
 11147 | D:11     | Reached skill level 9 in Armour
 11263 | D:11     | Found a staircase to the Lair.
 11287 | D:11     | 11287 ||| READING scroll of brand weapon.
 11287 | D:11     | 11287 ||| BRANDING +0 war axe of venom.
 11388 | D:11     | Found an ornate altar of the Wu Jian Council.
 11434 | D:10     | 11434 ||| PLANNING LAIR
 11452 | Lair:1   | Entered Level 1 of the Lair of Beasts
 11489 | Lair:1   | 11489 ||| INVOKING Berserk.
 11776 | Lair:1   | 11776 ||| INVOKING Berserk.
 11778 | Lair:1   | Reached XP level 12. HP: 106/106 MP: 11/11
 12149 | Lair:1   | 12149 ||| INVOKING Berserk.
 12274 | Lair:1   | Reached skill level 3 in Dodging
 12508 | Lair:1   | 12508 ||| READING scroll labelled ZAOSTR JUTIFUYMN.
 12509 | Lair:1   | 12509 ||| READING 6 scrolls of identify.
 12509 | Lair:1   | 12509 ||| IDENTIFYING sapphire potion
 12510 | Lair:1   | 12510 ||| DROPPING potion of invisibility.
 12537 | Lair:2   | 12537 ||| Stepping ~*~*~tactically~*~*~ (hiding).
 12610 | Lair:2   | 12610 ||| INVOKING Berserk.
 12816 | Lair:2   | Noticed a boulder beetle
 12819 | Lair:2   | 12819 ||| INVOKING Berserk.
 12825 | Lair:2   | Killed a boulder beetle
 12915 | Lair:2   | 12915 ||| FLEEEEING.
 12916 | Lair:2   | 12916 ||| FLEEEEING.
 12917 | Lair:2   | 12917 ||| FLEEEEING.
 13064 | Lair:2   | 13064 ||| INVOKING Berserk.
 13287 | Lair:2   | 13287 ||| INVOKING Berserk.
 13417 | Lair:2   | Identified the +3 whip of Plog {pain, rC+ Will++ Str-2}
 13432 | Lair:2   | 13432 ||| Stepping ~*~*~tactically~*~*~ (stealth).
 13436 | Lair:2   | 13436 ||| Stepping ~*~*~tactically~*~*~ (stealth).
 14059 | Lair:2   | 14059 ||| Stepping ~*~*~tactically~*~*~ (stealth).
 14060 | Lair:2   | 14060 ||| INVOKING Berserk.
 14118 | Lair:2   | 14118 ||| Stepping ~*~*~tactically~*~*~ (stealth).
 14384 | Lair:2   | 14384 ||| Stepping ~*~*~tactically~*~*~ (stealth).
 14476 | Lair:2   | 14476 ||| DROPPING amulet of regeneration.
 14477 | Lair:2   | 14477 ||| UPGRADING to amulet of reflection.
 14487 | Lair:2   | 14487 ||| DROPPING amulet of guardian spirit.
 14488 | Lair:2   | 14488 ||| UPGRADING to ring of see invisible.
 14510 | Lair:3   | Reached skill level 12 in Shields
 14511 | Lair:3   | 14511 ||| FLEEEEING.
 14514 | Lair:3   | 14514 ||| STAIRDANCE
 14557 | Lair:3   | 14557 ||| STAIRDANCE
 14634 | Lair:3   | 14634 ||| INVOKING Berserk.
 14644 | Lair:3   | 14644 ||| STAIRDANCE
 14753 | Lair:3   | 14753 ||| Stepping ~*~*~tactically~*~*~ (stealth).
 14756 | Lair:3   | 14756 ||| Stepping ~*~*~tactically~*~*~ (stealth).
 14758 | Lair:3   | 14758 ||| Stepping ~*~*~tactically~*~*~ (stealth).
 14952 | Lair:3   | 14952 ||| INVOKING Berserk.
 15032 | Lair:3   | 15032 ||| Stepping ~*~*~tactically~*~*~ (hiding).
 15084 | Lair:3   | 15084 ||| Stepping ~*~*~tactically~*~*~ (stealth).
 15140 | Lair:3   | 15140 ||| INVOKING Berserk.
 15149 | Lair:3   | Found a hole to the Spider Nest.
 15219 | Lair:3   | Noticed a seven-headed hydra
 15220 | Lair:3   | 15220 ||| FLEEEEING.
 15221 | Lair:3   | 15221 ||| FLEEEEING.
 15222 | Lair:3   | 15222 ||| FLEEEEING.
 15223 | Lair:3   | 15223 ||| FLEEEEING.
 15224 | Lair:3   | 15224 ||| FLEEEEING.
 15225 | Lair:3   | 15225 ||| FLEEEEING.
 15226 | Lair:3   | 15226 ||| FLEEEEING.
 15227 | Lair:3   | 15227 ||| FLEEEEING.
 15228 | Lair:3   | 15228 ||| FLEEEEING.
 15229 | Lair:3   | 15229 ||| FLEEEEING.
 15230 | Lair:3   | 15230 ||| FLEEEEING.
 15231 | Lair:3   | 15231 ||| FLEEEEING.
 15232 | Lair:3   | 15232 ||| FLEEEEING.
 15233 | Lair:3   | 15233 ||| FLEEEEING.
 15234 | Lair:3   | 15234 ||| FLEEEEING.
 15235 | Lair:3   | 15235 ||| FLEEEEING.
 15236 | Lair:3   | 15236 ||| FLEEEEING.
 15237 | Lair:3   | 15237 ||| FLEEEEING.
 15238 | Lair:3   | 15238 ||| FLEEEEING.
 15240 | Lair:3   | 15240 ||| FLEEEEING.
 15241 | Lair:3   | 15241 ||| FLEEEEING.
 15242 | Lair:3   | 15242 ||| FLEEEEING.
 15243 | Lair:3   | 15243 ||| FLEEEEING.
 15244 | Lair:3   | 15244 ||| FLEEEEING.
 15245 | Lair:3   | 15245 ||| FLEEEEING.
 15248 | Lair:3   | 15248 ||| FLEEEEING.
 15252 | Lair:3   | 15252 ||| FLEEEEING.
 15253 | Lair:3   | 15253 ||| FLEEEEING.
 15254 | Lair:3   | 15254 ||| FLEEEEING.
 15255 | Lair:3   | 15255 ||| FLEEEEING.
 15256 | Lair:3   | 15256 ||| FLEEEEING.
 15326 | Lair:3   | 15326 ||| FLEEEEING.
 15329 | Lair:3   | 15329 ||| STAIRDANCE
 15379 | Lair:3   | 15379 ||| INVOKING Brothers in Arms.
 15380 | Lair:3   | 15380 ||| INVOKING Brothers in Arms.
 15381 | Lair:3   | 15381 ||| INVOKING Brothers in Arms.
 15382 | Lair:3   | 15382 ||| INVOKING Brothers in Arms.
 15383 | Lair:3   | 15383 ||| INVOKING Brothers in Arms.
 15384 | Lair:3   | 15384 ||| INVOKING Brothers in Arms.
 15385 | Lair:3   | 15385 ||| INVOKING Brothers in Arms.
 15386 | Lair:3   | 15386 ||| INVOKING Brothers in Arms.
 15387 | Lair:3   | 15387 ||| INVOKING Brothers in Arms.
 15388 | Lair:3   | 15388 ||| INVOKING Brothers in Arms.
 15389 | Lair:3   | 15389 ||| INVOKING Brothers in Arms.
 15390 | Lair:3   | 15390 ||| INVOKING Brothers in Arms.
 15391 | Lair:3   | 15391 ||| SWAPPING to +2 hand axe of flaming.
 15392 | Lair:3   | 15392 ||| INVOKING Berserk.
 15392 | Lair:3   | Killed a seven-headed hydra
 15400 | Lair:3   | 15400 ||| SWAPPING to +0 war axe of electrocution.
 15405 | Lair:3   | Reached skill level 12 in Fighting
 15817 | Lair:3   | Found a staircase to the Shoals.
 15885 | Lair:3   | 15885 ||| Stepping ~*~*~tactically~*~*~ (hiding).
 16222 | Lair:4   | 16222 ||| STAIRDANCE
 16225 | Lair:4   | 16225 ||| STAIRDANCE
 16228 | Lair:3   | Reached XP level 13. HP: 97/118 MP: 12/12
 16344 | Lair:4   | 16344 ||| STAIRDANCE
 16419 | Lair:4   | 16419 ||| Stepping ~*~*~tactically~*~*~ (stealth).
 16423 | Lair:4   | 16423 ||| Stepping ~*~*~tactically~*~*~ (stealth).
 16488 | Lair:4   | 16488 ||| Stepping ~*~*~tactically~*~*~ (stealth).
 16507 | Lair:4   | 16507 ||| Stepping ~*~*~tactically~*~*~ (stealth).
 16508 | Lair:4   | 16508 ||| Stepping ~*~*~tactically~*~*~ (stealth).
 16555 | Lair:4   | 16555 ||| Stepping ~*~*~tactically~*~*~ (hiding).
 16619 | Lair:4   | 16619 ||| INVOKING Berserk.
 16758 | Lair:4   | 16758 ||| Stepping ~*~*~tactically~*~*~ (stealth).
 16762 | Lair:4   | 16762 ||| Stepping ~*~*~tactically~*~*~ (stealth).
 16765 | Lair:4   | 16765 ||| INVOKING Berserk.
 16794 | Lair:4   | Reached skill level 12 in Armour
 17075 | Lair:4   | 17075 ||| Stepping ~*~*~tactically~*~*~ (stealth).
 17557 | Lair:4   | 17557 ||| UPGRADING to +1 cloak.
 17567 | Lair:4   | 17567 ||| DROPPING +0 cloak.
 17568 | Lair:4   | 17568 ||| READING scroll labelled YHIK BOKOISS.
 17568 | Lair:4   | Identified a scroll of acquirement
 17568 | Lair:4   | 17568 ||| ACQUIRING 388 gold pieces
 17568 | Lair:4   | Acquired 388 gold pieces
 17591 | Lair:5   | Entered Level 5 of the Lair of Beasts
 17592 | Lair:5   | 17592 ||| STAIRDANCE
 17661 | Lair:5   | 17661 ||| STAIRDANCE
 17706 | Lair:5   | 17706 ||| INVOKING Berserk.
 17920 | Lair:5   | Noticed Josephine
 17921 | Lair:5   | 17921 ||| Stepping ~*~*~tactically~*~*~ (stealth).
 17923 | Lair:5   | 17923 ||| Stepping ~*~*~tactically~*~*~ (hiding).
 17935 | Lair:5   | 17935 ||| INVOKING Brothers in Arms.
 17937 | Lair:5   | 17937 ||| INVOKING Brothers in Arms.
 17940 | Lair:5   | 17940 ||| SWAPPING to +2 hand axe of flaming.
 17941 | Lair:5   | 17941 ||| INVOKING Berserk.
 17945 | Lair:5   | Killed Josephine
 17946 | Lair:5   | Reached skill level 6 in Throwing
 17964 | Lair:5   | 17964 ||| SWAPPING to +0 war axe of electrocution.
 18117 | Lair:5   | 18117 ||| INVOKING Berserk.
 18326 | Lair:5   | 18326 ||| INVOKING Berserk.
 18357 | Lair:5   | 18357 ||| Stepping ~*~*~tactically~*~*~ (stealth).
 18364 | Lair:5   | 18364 ||| INVOKING Brothers in Arms.
 18365 | Lair:5   | 18365 ||| INVOKING Brothers in Arms.
 18366 | Lair:5   | 18366 ||| INVOKING Brothers in Arms.
 18367 | Lair:5   | 18367 ||| INVOKING Brothers in Arms.
 18368 | Lair:5   | 18368 ||| SWAPPING to +2 hand axe of flaming.
 18369 | Lair:5   | 18369 ||| INVOKING Berserk.
 18381 | Lair:5   | 18381 ||| SWAPPING to +0 war axe of electrocution.
 18453 | Lair:5   | 18453 ||| Stepping ~*~*~tactically~*~*~ (stealth).
 18454 | Lair:5   | 18454 ||| Stepping ~*~*~tactically~*~*~ (stealth).
 18456 | Lair:5   | 18456 ||| Stepping ~*~*~tactically~*~*~ (stealth).
 18457 | Lair:5   | 18457 ||| Stepping ~*~*~tactically~*~*~ (stealth).
 18711 | Lair:5   | Found a runed translucent door.
 18713 | Lair:5   | 18713 ||| READING scroll of enchant armour.
 18713 | Lair:5   | 18713 ||| ENCHANTING +1 pair of gloves.
 18720 | Lair:5   | Found a viscous altar of Jiyva.
 18720 | Lair:5   | Noticed an acid blob
 18722 | Lair:5   | Found a staircase to the Slime Pits.
 18825 | Lair:5   | 18825 ||| INVOKING Berserk.
 18961 | Lair:5   | 18961 ||| INVOKING Berserk.
 18973 | Lair:5   | Reached XP level 14. HP: 132/132 MP: 13/13
 18986 | Lair:5   | 18986 ||| Stepping ~*~*~tactically~*~*~ (cloud).
 18990 | Lair:5   | 18990 ||| Stepping ~*~*~tactically~*~*~ (cloud).
 18992 | Lair:5   | 18992 ||| Stepping ~*~*~tactically~*~*~ (cloud).
 18996 | Lair:5   | 18996 ||| Stepping ~*~*~tactically~*~*~ (cloud).
 19001 | Lair:5   | 19001 ||| Stepping ~*~*~tactically~*~*~ (cloud).
 19002 | Lair:5   | 19002 ||| Stepping ~*~*~tactically~*~*~ (cloud).
 19139 | Lair:5   | 19139 ||| Stepping ~*~*~tactically~*~*~ (stealth).
 19140 | Lair:5   | 19140 ||| Stepping ~*~*~tactically~*~*~ (stealth).
 19143 | Lair:5   | 19143 ||| INVOKING Berserk.
 19270 | Lair:5   | 19270 ||| Stepping ~*~*~tactically~*~*~ (stealth).
 19371 | Lair:5   | 19371 ||| PLANNING D
 19371 | Lair:5   | 19371 ||| READING scroll labelled FIDDOULEMI.
 19540 | D:12     | Noticed Kirke
 19541 | D:12     | 19541 ||| INVOKING Trog's Hand.
 19547 | D:12     | 19547 ||| INVOKING Berserk.
 19559 | D:12     | Killed Kirke
 19560 | D:12     | Reached skill level 15 in Fighting
 19710 | D:12     | Found a blossoming altar of Fedhas.
 19734 | D:12     | 19734 ||| INVOKING Berserk.
 19876 | D:12     | 19876 ||| Stepping ~*~*~tactically~*~*~ (hiding).
 19901 | D:12     | 19901 ||| FLEEEEING.
 19902 | D:12     | 19902 ||| FLEEEEING.
 19903 | D:12     | 19903 ||| FLEEEEING.
 19904 | D:12     | 19904 ||| FLEEEEING.
 19905 | D:12     | 19905 ||| FLEEEEING.
 19906 | D:12     | 19906 ||| FLEEEEING.
 19907 | D:12     | 19907 ||| FLEEEEING.
 19908 | D:12     | 19908 ||| FLEEEEING.
 19909 | D:12     | 19909 ||| FLEEEEING.
 19912 | D:12     | 19912 ||| FLEEEEING.
 19913 | D:12     | 19913 ||| FLEEEEING.
 19914 | D:12     | 19914 ||| FLEEEEING.
 19915 | D:12     | 19915 ||| FLEEEEING.
 19916 | D:12     | 19916 ||| FLEEEEING.
 19917 | D:12     | 19917 ||| FLEEEEING.
 19918 | D:12     | 19918 ||| FLEEEEING.
 19921 | D:12     | 19921 ||| STAIRDANCE
 20034 | D:12     | 20034 ||| FLEEEEING.
 20035 | D:12     | 20035 ||| FLEEEEING.
 20036 | D:12     | 20036 ||| FLEEEEING.
 20037 | D:12     | 20037 ||| FLEEEEING.
 20038 | D:12     | 20038 ||| FLEEEEING.
 20039 | D:12     | 20039 ||| FLEEEEING.
 20040 | D:12     | 20040 ||| FLEEEEING.
 20043 | D:12     | 20043 ||| STAIRDANCE
 20155 | D:12     | 20155 ||| Stepping ~*~*~tactically~*~*~ (hiding).
 20180 | D:12     | 20180 ||| FLEEEEING.
 20181 | D:12     | 20181 ||| FLEEEEING.
 20182 | D:12     | 20182 ||| FLEEEEING.
 20185 | D:12     | 20185 ||| STAIRDANCE
 20371 | D:12     | Noticed Sonja
 20372 | D:12     | 20372 ||| Stepping ~*~*~tactically~*~*~ (stealth).
 20391 | D:12     | Killed Sonja
 20445 | D:12     | 20445 ||| Stepping ~*~*~tactically~*~*~ (stealth).
 20916 | D:13     | 20916 ||| INVOKING Berserk.
 21269 | D:13     | 21269 ||| INVOKING Brothers in Arms.
 21271 | D:13     | 21271 ||| SWAPPING to +2 hand axe of flaming.
 21272 | D:13     | 21272 ||| INVOKING Berserk.
 21281 | D:13     | 21281 ||| SWAPPING to +1 war axe of electrocution.
 21436 | D:13     | 21436 ||| Stepping ~*~*~tactically~*~*~ (hiding).
 21437 | D:13     | 21437 ||| INVOKING Berserk.
 21458 | D:13     | HP: 31/135 [ettin/+0 dire flail (6)]
 21459 | D:13     | 21459 ||| READING 5 scrolls of teleportation.
 21460 | D:13     | 21460 ||| DRINKING potion of heal wounds.
 21464 | D:13     | 21464 ||| READING 4 scrolls of teleportation.
 21464 | D:13     | Slain by an ettin

Levels and vault maps discovered:
D:1:      eino_arrival_tree_alley, layout_basic, minmay_misc_feat_iff,
          minmay_pentomino_p2
D:2:      layout_loops_cross
D:3:      layout_basic, ebering_ecumenical_altar_petrified, serial_shops,
          shop_fountains, lemuel_another_geyser, uniq_jessica, uniq_ijyb
D:4:      layout_cave_pods
D:5:      layout_loops_ring, kennysheep_mini, minmay_temple_entry_mini_moons
D:6:      layout_rooms, nicolae_vehumet_radiance
D:7:      layout_basic, yredelemnul_altar_generic, minitemple, serial_shops,
          nicolae_shop_hallway_stairs, nicolae_shop_stone
D:8:      layout_basic, serial_glass, glass_columns_a, glass_columns_c
D:9:      layout_loops_ring, minmay_orc_entry_temple_small, uniq_erica
D:10:     layout_roguey, nicolae_overflow_hidden_temple, grunt_ministairs_11,
          chequers_serial_rivers_micro_c
D:11:     layout_roguey, dpeg_lair_monsters, enter_trove_1, serial_glass,
          glass_columns_a, glass_columns_c, glass_columns_c, glass_columns_b,
          glass_columns_b, glass_columns_c, item_on_display_a,
          item_on_display_a, nicolae_wu_jian_immortal_techniques, uniq_gastronok
D:12:     layout_small_grid, fedhas_altar_1, uniq_sonja, uniq_kirke
D:13:     layout_layer_cave, nicolae_rejected_hall
Lair:1:   layout_gridlike, grunt_forest_small_clearing_treed
Lair:2:   layout_layer_cave, special_room [special_room_bee]
Lair:3:   layout_regular_city, elwin_shoals_entry_rocks, spider_nest_entry_a
Lair:4:   layout_loops_ring, grunt_megastairs_4, serial_bayou_shore_a,
          lemuel_fruit_tree
Lair:5:   grunt_lair_end_beastmaster, layout_hall_layers, slime_entry_2,
          hangedman_lair_generics_rect, uniq_josephine

Skill      XL: |  1  2  3  4  5  6  7  8  9 10 11 12 13 14 |
---------------+-------------------------------------------+-----
Axes           | 4 5 6 7 9 10 12 14 16 | 16.0
Armour         | 3 4 6 7 9 11 13 14 | 14.0
Fighting       | 4 5 6 8 9 12 14 15 | 15.1
Throwing       | 1 2 3 5 6 7 |  7.0
Shields        | 7 8 9 10 12 13 14 | 14.6
Dodging        | 4 5 |  5.0

Action                   |  1- 3 |  4- 6 |  7- 9 | 10-12 | 13-15 || total
-------------------------+-------+-------+-------+-------+-------++-------
Melee: Hand axe          |    75 |   108 |   218 |       |    31 ||   432
       Headbutt          |     7 |    19 |    39 |    84 |    82 ||   231
       Unarmed           |       |    22 |       |       |       ||    22
       Bite              |       |     1 |    27 |    51 |    55 ||   134
       Punch             |       |       |     2 |       |       ||     2
       War axe           |       |       |    39 |   412 |   350 ||   801
Throw: Boomerang         |    26 |    74 |    30 |    10 |    10 ||   150
       Javelin           |       |       |    13 |    69 |    73 ||   155
Invok: Berserk           |     1 |     2 |     9 |    23 |    15 ||    50
       Brothers in Arms  |       |       |       |     1 |     3 ||     4
       Trog's Hand       |       |       |       |       |     1 ||     1
  Use: Scroll            |     4 |     4 |     7 |     9 |     5 ||    29
       Potion            |       |     6 |     2 |     3 |     1 ||    12
 Stab: Distracted        |       |       |       |       |     4 ||     4
       Petrified         |       |       |       |       |    11 ||    11
Armor: Animal skin       |     5 |       |       |       |       ||     5
       Plate armour      |    30 |    66 |   133 |   222 |   163 ||   614
Dodge: Dodged            |    40 |    46 |    54 |   106 |    74 ||   320
Block: Kite shield       |       |       |    55 |   243 |   242 ||   540
       Reflection        |       |       |       |       |    11 ||    11

Table legend:
 A = Non-vault XP
 B = Vault XP
 C = Vault XP percentage of total XP
 D = Non-vault monster count
 E = Vault monster count
 F = Vault count percentage of total count
                 A         B        C        D         E       F
            +---------+---------+-------+---------+---------+-------
      Total |   53247 |   32197 |  37.7 |     346 |     103 |  22.9
            +---------+---------+-------+---------+---------+-------
        D:1 |      57 |       3 |   5.0 |      26 |       2 |   7.1
        D:2 |      47 |       0 |   0.0 |      19 |       0 |   0.0
        D:3 |      41 |      70 |  63.1 |      19 |       2 |   9.5
        D:4 |      95 |       0 |   0.0 |      11 |       0 |   0.0
        D:5 |     778 |       0 |   0.0 |      22 |       0 |   0.0
        D:6 |     712 |       0 |   0.0 |      18 |       0 |   0.0
        D:7 |    1522 |       0 |   0.0 |      17 |       0 |   0.0
        D:8 |    1823 |       0 |   0.0 |      34 |       0 |   0.0
        D:9 |    1440 |    1283 |  47.1 |       8 |      13 |  61.9
       D:10 |    3554 |     525 |  12.9 |      14 |       5 |  26.3
       D:11 |    3015 |    4846 |  61.6 |      11 |       6 |  35.3
       D:12 |    4269 |    2819 |  39.8 |      23 |       8 |  25.8
       D:13 |    3420 |    4726 |  58.0 |       5 |      10 |  66.7
     Lair:1 |    3887 |       0 |   0.0 |      16 |       0 |   0.0
     Lair:2 |    5140 |    1499 |  22.6 |      16 |      20 |  55.6
     Lair:3 |    8630 |     905 |   9.5 |      39 |       4 |   9.3
     Lair:4 |    5459 |     589 |   9.7 |      23 |       2 |   8.0
     Lair:5 |    9358 |   14932 |  61.5 |      25 |      31 |  55.4
            +---------+---------+-------+---------+---------+-------
